 Dungeon Crawl Stone Soup version 0.26-a0-30-g56b8cd3df0 (webtiles) character file.

Game seed: 8641763223520988458, levelgen mode: deterministic

1150 vurker the Magician (level 7, -4/58 HPs)
             Began as a Demigod Wizard on June 3, 2020.
             Slain by a wolf (7 damage)
             ... led by Grum
             ... on level 8 of the Dungeon.
             The game lasted 00:09:39 (6355 turns).

vurker the Magician (Demigod Wizard)                Turns: 6355, Time: 00:09:40

Health: -4/58      AC:  6    Str: 10    XL:     7   Next: 93%
Magic:  14/19      EV: 12    Int: 26    God:
Gold:   200        SH:  5    Dex: 14    Spells: 12/17 levels left

rFire    . . .     SeeInvis .   g - +0 flail (protect)
rCold    . . .     Gourm    .   (no shield)
rNeg     . . .     Faith    .   a - +0 robe
rPois    .         Spirit   .   t - +2 hat
rElec    .         Reflect  +   (no cloak)
rCorr    .         Harm     .   m - +1 pair of gloves
MR       .....                  (no boots)
Stlth    ++........             f - amulet of reflection
HPRegen  0.19/turn              (no ring)
MPRegen  0.16/turn              (no ring)

@: no status effects
A: high mp 1
a: no special abilities


You were on level 8 of the Dungeon.
You were hungry.

You visited 1 branch of the dungeon, and saw 6 of its levels.

You collected 200 gold pieces.

Inventory:

Hand Weapons
 g - a +0 flail of protection (weapon)
   (You took it off an orc on level 3 of the Dungeon)
Armour
 a - a +0 robe (worn)
 m - a +1 pair of gloves (worn)
   (You found it on level 2 of the Dungeon)
 t - a +2 hat (worn)
   (You found it on level 4 of the Dungeon)
Jewellery
 f - an amulet of reflection (around neck)
   (You found it on level 1 of the Dungeon)
 k - a cursed ring of positive energy
   (You took it off a kobold on level 3 of the Dungeon)
Wands
 d - a wand of iceblast (1)
   (You found it on level 8 of the Dungeon)
Scrolls
 h - a scroll of noise {unknown}
 i - a scroll of fog
 j - a scroll of magic mapping {unknown}
 l - a scroll of enchant armour {unknown}
 p - 4 scrolls of fear
 q - 2 scrolls of identify
 s - 2 scrolls of remove curse
Potions
 b - a potion of cancellation
 c - a potion of flight
 o - a potion of mutation
 r - a potion of lignification
Comestibles
 e - 6 rations


   Skills:
 + Level 3.6 Fighting
 - Level 1.7 Dodging
 - Level 1.7 Stealth
 * Level 5.7 Spellcasting
 * Level 5.5 Conjurations
 - Level 0.8 Summonings
 - Level 0.8 Translocations


You had 12 spell levels left.
You knew the following spells:

 Your Spells              Type           Power        Failure   Level  Hunger
a - Magic Dart            Conj           ####         1%          1    None
b - Call Imp              Summ           ##......     8%          2    None
w - Blink                 Tloc           N/A          8%          2    None

Your spell library contained the following spells:

 Spells                   Type           Power        Failure   Level  Hunger
 Conjure Flame            Conj/Fire      ###.....     7%          3    None
 Mephitic Cloud           Conj/Pois/Air  ###.....     10%         3    None
 Slow                     Hex            #.......     11%         2    None


Dungeon Overview and Level Annotations

Branches:
Dungeon (5/15)
 Temple: D:4-7

Annotations:
D:8 Grum


Innate Abilities, Weirdness & Mutations

You have an increased reservoir of magic. (+10% MP)


Message History

The wolf bites your white imp.
Your white imp closely misses the wolf.
Your crimson imp blinks!
The wolf bites your white imp but does no damage.
Grum hits your white imp with a +1 spear!
A beastly little devil appears in a puff of frigid air.
The wolf bites your white imp!
Your white imp dies!
Your crimson imp blinks!
A beastly little devil appears in a puff of flame.
Grum hits your white imp with a +1 spear!
Your white imp dies!
You miss the wolf. You block the wolf's attack.
An orc warrior comes into view. It is wielding a +0 war axe.
You block the wolf's attack.
Your crimson imp barely misses the wolf.
You closely miss the wolf. The wolf misses you. Grum closely misses you.
You block the wolf's attack.
Your crimson imp misses the wolf.
Grum hits you from afar with a +1 spear!
* * * LOW HITPOINT WARNING * * *
The wolf bites you!
* * * LOW HITPOINT WARNING * * *
Grum completely misses your crimson imp.
An orc comes into view. It is wielding a +0 trident.
Your crimson imp blinks!
You block the wolf's attack.
Grum points his finger and grunts, "Attack!"
You see here 2 arrows.
That beam is likely to hit you.
Continue anyway?
Okay, then.
Okay, then.
You closely miss the wolf. The wolf closely misses you.
Your crimson imp hits the wolf.
The wolf bites you.
* * * LOW HITPOINT WARNING * * *
Your crimson imp hits the wolf but does no damage.
The wolf bites you.
* * * LOW HITPOINT WARNING * * *
You barely miss the wolf. The wolf misses you.
Your crimson imp closely misses the wolf.
The orc barely misses you. The wolf closely misses you.
You closely miss the wolf. The wolf bites you!
* * * LOW HITPOINT WARNING * * *
Your crimson imp barely misses the wolf.
The orc closely misses you. Something hits your crimson imp.
You block the wolf's attack.
The orc throws a stone.
The stone hits you but does no damage.
An orc comes into view. It is wielding a +0 club.
Your crimson imp barely misses the wolf.
You barely miss the wolf. The wolf bites you!
You die...

.. ... ##### #..##.#.# ####
##..#....## #..###
...o....5h###### #....###
.........#@..#.# #......##
....o.(..#.....######.....#
......go##oo.......##.....#
<......)..g...............#
.......(........##........#
##......(#......######.....
###.#####......#..###....#
.. .........>......... ..
.#.................


You could see Grum, a wolf, 3 orcs and a friendly crimson imp (summoned).

Vanquished Creatures
  Joseph (D:8)
  Prince Ribbit (D:8)
  A hippogriff (D:8)
  An ogre (D:4)
  A scorpion (D:4)
  An orc priest (D:4)
  An iguana (D:4)
  A hound skeleton (D:4)
  9 adders
  A worm (D:2)
  4 dart slugs
  2 leopard geckos
  6 orcs
  A ball python (D:2)
  5 giant cockroaches
  11 goblins
  9 hobgoblins
  11 jackals (D:2)
  11 kobolds
  2 quokkas
  14 bats
  3 frilled lizards
  2 leopard gecko skeletons (D:8)
  7 rats
106 creatures vanquished.

Vanquished Creatures (collateral kills)
  An ogre (D:4)
  A centaur (D:8)
  A scorpion (D:4)
  An orc priest (D:4)
  3 orcs (D:4)
7 creatures vanquished.

Grand Total: 113 creatures vanquished

Notes
Turn   | Place    | Note
-------+----------+-------------------------------------------
     0 | D:1      | vurker the Demigod Wizard began the quest for the Orb.
     0 | D:1      | Reached XP level 1. HP: 14/14 MP: 6/6
    47 | D:1      | Reached skill level 1 in Conjurations
   371 | D:1      | Reached XP level 2. HP: 22/22 MP: 0/8
  1587 | D:1      | Learned a level 2 spell: Call Imp
  1590 | D:1      | Learned a level 2 spell: Blink
  1600 | D:1      | Reached XP level 3. HP: 22/27 MP: 10/10
  1658 | D:2      | Reached skill level 1 in Fighting
  2531 | D:2      | Reached XP level 4. HP: 31/35 MP: 0/12
  3968 | D:3      | Found a shimmering blue altar of Sif Muna.
  4344 | D:3      | Reached XP level 5. HP: 37/41 MP: 10/13
  4417 | D:3      | Found a shimmering altar of Xom.
  4974 | D:4      | Noticed an ogre
  4985 | D:4      | Killed an ogre
  5059 | D:4      | Noticed an ogre
  5074 | D:4      | Killed an ogre
  5074 | D:4      | Reached XP level 6. HP: 49/49 MP: 3/15
  5161 | D:4      | Found a white marble altar of Elyvilon.
  5874 | D:4      | Found a snail-covered altar of Cheibriados.
  5928 | D:4      | Found a blossoming altar of Fedhas.
  5947 | D:5      | Entered Level 5 of the Dungeon
  5976 | D:5      | You fall into a shaft and drop 3 floors!
  5976 | D:8      | Noticed a hippogriff
  5977 | D:8      | Noticed Joseph
  6002 | D:8      | Killed a hippogriff
  6002 | D:8      | Reached skill level 5 in Spellcasting
  6002 | D:8      | Reached XP level 7. HP: 26/56 MP: 9/17
  6003 | D:8      | Killed Joseph
  6003 | D:8      | Reached skill level 5 in Conjurations
  6034 | D:8      | Noticed Prince Ribbit
  6053 | D:8      | Killed Prince Ribbit
  6338 | D:8      | Noticed Grum
  6355 | D:8      | Slain by a wolf

Illustrated notes

Levels and vault maps discovered:
D:1:      elethiomel_arrival_infinity_welcomes_careful_drivers,
          layout_loops_ring, chequers_serial_rivers_large_a,
          minmay_misc_feat_nine_boxes, serial_park_tiny_2,
          hangedman_decor_slide_cut, corexii_hall_statues_deadend
D:2:      layout_basic, minmay_tall_x
D:3:      layout_loops_ring, old_standard_altar, tgw_xom, first_ration
D:4:      layout_cave_pools, lemuel_round_altar, marbit_many_paths,
          old_standard_altar, minmay_distorted
D:5:      layout_basic, gammafunk_temple_overflow_wave,
          minmay_temple_entry_arrows
D:8:      layout_cave_pools, grunt_livestock, grunt_decor_cap,
          lemuel_oklob_altar, uniq_maggie, uniq_grum, uniq_joseph, uniq_maurice,
          uniq_prince_ribbit1

Skill      XL: |  1  2  3  4  5  6  7 |
---------------+----------------------+-----
Conjurations   | 1 2 3 4 5 |  5.5
Spellcasting   | 3 4 5 |  5.7
Fighting       | 1 2 3 |  3.6
Dodging        | |  1.7
Stealth        | |  1.7
Summonings     | |  0.8
Translocations | |  0.8

Action                   |  1- 3 |  4- 6 |  7- 9 || total
-------------------------+-------+-------+-------++-------
Melee: Unarmed           |     3 |       |       ||     3
       Whip              |    57 |       |       ||    57
       Flail             |       |    32 |    20 ||    52
 Cast: Magic Dart        |   138 |   140 |       ||   278
       Call Imp          |     1 |    17 |     9 ||    27
Evoke: Wand              |       |     2 |     4 ||     6
  Use: Scroll            |       |    12 |       ||    12
       Potion            |       |     1 |       ||     1
 Stab: Distracted        |       |     1 |       ||     1
  Eat: Chunk             |     5 |    10 |     1 ||    16
Armor: Robe              |    20 |    20 |     6 ||    46
Dodge: Dodged            |    61 |    41 |    21 ||   123
Block: Other             |    12 |    22 |    13 ||    47
       Reflection        |     1 |     1 |     2 ||     4

Table legend:
 A = Non-vault XP
 B = Vault XP
 C = Vault XP percentage of total XP
 D = Non-vault monster count
 E = Vault monster count
 F = Vault count percentage of total count
                 A         B        C        D         E       F
            +---------+---------+-------+---------+---------+-------
      Total |     955 |     688 |  41.9 |     102 |      11 |   9.7
            +---------+---------+-------+---------+---------+-------
        D:1 |      51 |       0 |   0.0 |      30 |       0 |   0.0
        D:2 |      88 |      11 |  11.1 |      36 |       4 |  10.0
        D:3 |      82 |      16 |  16.3 |      16 |       4 |  20.0
        D:4 |     407 |      43 |   9.6 |      15 |       1 |   6.2
        D:5 |       2 |       0 |   0.0 |       1 |       0 |   0.0
        D:8 |     325 |     618 |  65.5 |       4 |       2 |  33.3
            +---------+---------+-------+---------+---------+-------
